 Dungeon Sprint DCSS version 0.28.0-53-g5a82cb258f (webtiles) character file.

Game seed: 16351343464017655762

452 Plasmagod the Protected (level 6, -26/64 HPs)
             Began as a Minotaur Fighter on July 15, 2022.
             Was an Initiate of Jiyva.
             Shot with an arrow by a centaur warrior (32 damage)
             ... in the Dungeon (Sprint I: "Red Sonja").
             The game lasted 00:02:09 (59 turns).

Plasmagod the Protected (Minotaur Fighter)            Turns: 59, Time: 00:02:10

Health: -26/64     AC:  8    Str: 23    XL:     6   Next: 75%
Magic:  5/5        EV:  9    Int:  5    God:    Jiyva [......]
Gold:   121        SH:  6    Dex:  9    Spells: 5/5 levels left

rFire   . . .      SeeInvis .   a - +0 war axe
rCold   . . .      Faith    .   c - +0 buckler
rNeg    . . .      Spirit   .   b - +0 scale mail
rPois   .          Reflect  .   (helmet restricted)
rElec   .          Harm     .   (no cloak)
rCorr   .          Rampage  .   (no gloves)
Will    .....      NoTele   +   (no boots)
Stlth   ..........              (no amulet)
HPRegen 0.20/turn               (no ring)
MPRegen 0.09/turn               (no ring)

@: mighty, very slow
A: horns 2, retaliatory headbutt
a: Renounce Religion


You were in the Dungeon.
You worshipped Jiyva.
Jiyva was noncommittal.
You visited 1 branch You collected 121 gold pieces.

Inventory:

Hand Weapons
 a - a +0 war axe (weapon)
Armour
 b - a +0 scale mail (worn)
 c - a +0 buckler (worn)
Wands
 d - a wand of digging (5)
Scrolls
 j - a scroll of blinking
Potions
 h - 2 potions of magic
 i - a potion of berserk rage


   Skills:
 + Level 9.6 Fighting
 + Level 7.3 Axes
 + Level 10.3 Armour
 + Level 9.9 Shields


You had 5 spell levels left.
You didn't know any spells.
Your spell library was empty.

Dungeon Overview and Level Annotations

Branches:
Dungeon (1/1)

Altars:
Makhleb
Sif Muna
Vehumet
Wu Jian
Xom
Jiyva
Lugonu


Innate Abilities, Weirdness & Mutations

You have a pair of horns on your head.
You reflexively headbutt those who attack you in melee.


Message History

You open the door.
You hear a distant slurping noise.
Found 13 gold pieces and a buckler.
Found two altars.
You hear a distant slurping noise.
There is an open door here.
Found a radiant altar of Vehumet.
You now have 121 gold pieces (gained 13).
You hear a distant slurping noise. x2; You hear a slurping noise. x2
The jelly eats the door!
A centaur warrior comes into view.
The centaur warrior moves out of view.
A centaur warrior comes into view.
Found a scale mail and 12 gold pieces.
You hear a distant slurping noise. x5
The centaur warrior moves out of view.
You feel yourself slow down.
You hear a distant slurping noise.
You enter the shallow water.
Moving in this stuff is going to be slow.
You hear a distant slurping noise. x3
You hear a distant slurping noise. x3
The centaur warrior shouts! x2
The centaur warrior wields a +0 longbow.
The centaur warrior shoots an arrow.
The arrow hits you!!
You hear a distant slurping noise.
You hear a squelching noise.
The centaur warrior hits you!
* * * LOW HITPOINT WARNING * * *
The centaur warrior kicks you.
* * * LOW HITPOINT WARNING * * *
The centaur warrior shoots an arrow.
The arrow barely misses you. The centaur warrior hits you.
* * * LOW HITPOINT WARNING * * *
The centaur warrior kicks you but does no damage.
Your unstable footing causes you to fumble your attack.
The centaur warrior shoots an arrow.
You block the arrow. You block the centaur warrior's attack.
The centaur warrior kicks you but does no damage.
The centaur warrior shoots an arrow.
The arrow hits you!!
Ouch! That really hurt!
You die...

#################
.#..)..#..'..#__#
.').#..').#..'..+
.#####+#####'#__####
.# #.####.J# .#
##.#§§≈.c# .#
#_..§§§§.+ ⌠#
+..._#§§@c.# ##
#_.#+##+#### ##+


You could see 2 centaur warriors and a neutral jelly (wandering)(fellow slime).

Vanquished Creatures
  A slime creature (D)
  Sigmund (D)
  An ogre (D)
  Ijyb (D)
4 creatures vanquished.

Vanquished Creatures (others)
  3 necrophages (D)
3 creatures vanquished.

Grand Total: 7 creatures vanquished

Notes
Turn   | Place    | Note
-------+----------+-------------------------------------------
     0 | D        | Plasmagod the Minotaur Fighter began the quest for the Orb.
     0 | D        | Reached XP level 1. HP: 19/19 MP: 0/0
     3 | D        | Noticed Ijyb
     8 | D        | Killed Ijyb
     9 | D        | Reached skill level 5 in Fighting
     9 | D        | Reached skill level 5 in Armour
     9 | D        | Reached skill level 5 in Shields
     9 | D        | Reached XP level 2. HP: 22/29 MP: 1/1
    12 | D        | Noticed an ogre
    15 | D        | Killed an ogre
    16 | D        | Reached skill level 6 in Armour
    16 | D        | Reached XP level 3. HP: 37/38 MP: 2/2
    16 | D        | Reached XP level 4. HP: 44/45 MP: 3/3
    19 | D        | Noticed Sigmund
    22 | D        | Killed Sigmund
    23 | D        | Reached skill level 8 in Armour
    23 | D        | Reached XP level 5. HP: 39/55 MP: 4/4
    36 | D        | Found a burning altar of Makhleb.
    36 | D        | Found a shimmering altar of Xom.
    36 | D        | Noticed a slime creature
    37 | D        | Found a viscous altar of Jiyva.
    37 | D        | Found a corrupted altar of Lugonu.
    45 | D        | Killed a slime creature
    46 | D        | Reached skill level 10 in Armour
    46 | D        | Reached XP level 6. HP: 40/64 MP: 5/5
    47 | D        | Became a worshipper of Jiyva Jomoyb the Shapeless
    49 | D        | Found an ornate altar of the Wu Jian Council.
    49 | D        | Found a shimmering blue altar of Sif Muna.
    51 | D        | Found a radiant altar of Vehumet.
    53 | D        | Noticed a centaur warrior
    54 | D        | Noticed a centaur warrior
    59 | D        | Shot with an arrow by a centaur warrior

Illustrated notes

Levels and vault maps discovered:
D:        dungeon_sprint_1 [red_sonja_temple_1, red_sonja_temple_small_1]

Skill      XL: |  1  2  3  4  5 |
---------------+----------------+-----
Fighting       | 5 6 8 9 |  9.6
Axes           | 3 4 6 7 |  7.3
Armour         | 5 6 8 10 | 10.3
Shields        | 5 6 8 9 |  9.9

Action                   |  1- 3 |  4- 6 || total
-------------------------+-------+-------++-------
Melee: War axe           |     5 |    10 ||    15
       Headbutt          |     2 |     2 ||     4
  Use: Potion            |     3 |     1 ||     4
Armor: Scale mail        |       |     3 ||     3
Dodge: Dodged            |     1 |     2 ||     3
Block: Buckler           |       |     3 ||     3
